 Dungeon Crawl Stone Soup version 0.16.1-51-g6203257 (webtiles) character file.

2230 Jb9000 the Sneak (level 9, 0/54 HPs)
             Began as a Gargoyle Fighter on July 14, 2015.
             Was a Follower of Ashenzari.
             Slain by a four-headed hydra (10 damage)
             ... on level 8 of the Dungeon on July 16, 2015.
             The game lasted 00:39:24 (6804 turns).

Jb9000 the Sneak (Gargoyle Fighter)                 Turns: 6804, Time: 00:39:24

Health: 0/54       AC: 15    Str: 25    XL:     9   Next: 36%
Magic:  18/18      EV: 11    Int: 15    God:    Ashenzari [*.....]
Gold:   164        SH:  0    Dex: 11    Spells: 2 memorised, 7 levels left

rFire  . . .     SeeInvis .     k - +4 quarterstaff (chaos)
rCold  . . .     Clarity  .     q - +0 leather armour "Saomosk" {Regen+ Str+2 Int+4}
rNeg   + + .     SustAb   .     (no shield)
rPois  ∞         Gourm    .     B - +2 helmet
rElec  +         Spirit   .     m - +0 cloak
rCorr  .         Warding  +     (no gloves)
rMut   .         Stasis   .     F - +0 pair of boots
MR     .....                    Z - amulet of warding
Stlth  ++++......               I - ring of wizardry
                                y - ring of stealth

@: about to teleport, flying, not resistant to hostile enchantments, stealthy
A: clever 1, negative energy resistance 1, electricity resistance, strong 1,
unbreathing, petrification resistance, rot immunity, MP-powered wands 1, AC +5
a: Renounce Religion


You were on level 8 of the Dungeon.
You worshipped Ashenzari.
Ashenzari was aware of your devotion.
You were not hungry.

You visited 1 branch of the dungeon, and saw 8 of its levels.

You collected 423 gold pieces.
You spent 259 gold pieces at shops.

Inventory:

Hand weapons
 a - a cursed -3 battleaxe
 k - a +4 quarterstaff of chaos (weapon)
 l - a cursed -3 hand crossbow
 x - a +2 greatsling of flaming
 D - a +3 flail of venom
 G - a +0 shortbow
 U - a +0 arbalest
 W - a +0 blowgun
Missiles
 h - 67 arrows
 u - 7 needles of sleeping
 v - 35 poisoned needles
 z - 25 bolts
 M - 38 sling bullets
 N - a throwing net (quivered)
 Q - 11 arrows of frost
 Y - 5 curare-tipped needles
Armour
 b - a +0 scale mail
 c - a +0 shield
 m - a +0 cloak (worn)
 q - the +0 leather armour "Saomosk" (worn) {Regen+ Str+2 Int+4}
   (You bought it in a shop on level 4 of the Dungeon)

   It affects your strength (+2).
   It affects your intelligence (+4).
   It increases your rate of regeneration.
 B - a +2 helmet (worn)
 F - a +0 pair of boots (worn)
Jewellery
 y - a ring of stealth (left hand)
 I - a ring of wizardry (right hand)
 Z - an amulet of warding (around neck)
Magical devices
 H - a wand of disintegration (9)
 K - a wand of slowing (26)
 P - a wand of lightning (8)
 R - a wand of teleportation (9)
 S - a wand of slowing (9)
Scrolls
 g - 3 scrolls of identify
 i - 5 scrolls of magic mapping {unknown}
 n - a scroll of enchant weapon {unknown}
 r - a scroll of fog
 w - a scroll of noise {unknown}
 A - a scroll of recharging
 C - 4 scrolls of remove curse
Potions
 e - 2 potions of might
 f - 2 potions of flight
 j - 2 potions of brilliance {unknown}
 o - a potion of mutation
 p - 4 potions of restore abilities {unknown}
 t - 4 potions of curing {unknown}
 J - 2 potions of haste {unknown}
Books
 X - a book of Transfigurations

   Spells                             Type                      Level
   a - Stoneskin                      Transmutation/Earth          2
   b - Irradiate                      Conjuration/Transmutation    5
   c - Statue Form                    Transmutation/Earth          6
   d - Hydra Form                     Transmutation                6
   e - Dragon Form                    Transmutation                7
Comestibles
 d - 6 bread rations
 s - 2 meat rations
 L - 11 chunks of flesh
 T - 3 fruits
 V - a beef jerky


   Skills:
 + Level 5.5 Fighting
 - Level 3.4 Axes
 + Level 2.2 Staves
 + Level 1.7(1.8) Slings
 + Level 0.8 Crossbows
 - Level 0.6(1.4) Throwing
 + Level 5.7 Armour
 + Level 6.4 Stealth
 + Level 5.5 Shields
 + Level 3.6 Spellcasting
 * Level 1.6 Transmutations
 + Level 2.5 Earth Magic
 + Level 2.7 Evocations


You had 7 spell levels left.
You knew the following spells:

 Your Spells              Type           Power        Failure   Level  Hunger
a - Stoneskin             Trmt/Erth      #.......     7%          2    ##.....
b - Hydra Form            Trmt           #.........   100%        6    #######


Dungeon Overview and Level Annotations

Branches:
Dungeon (8/15)             Temple (0/1) D:7
   Lair: D:8-11

Altars:
Ashenzari
Elyvilon
Makhleb
Qazlal
Ru
Sif Muna
Vehumet
Xom
Yredelemnul
The Shining One

Shops:
D:4 [


Innate Abilities, Weirdness & Mutations

You are resistant to torment.
You are immune to poison.
Your stone body is very resilient (AC +5).
You resist negative energy.
You are resistant to electric shocks.
You can survive without breathing.
You are immune to petrification.
You are immune to rotting.
Your mind is acute. (Int +2)
Your muscles are strong. (Str +2)
You expend magic power (3 MP) to slightly strengthen your wands.


Message History

Okay, then.
Drink which item? (? for menu, Esc to quit)
It was a potion of mutation.
You feel extremely strange.
You feel stronger.
You feel less able to contain your magic power.
You feel clever. The four-headed hydra bites you.
The four-headed hydra misses you.
The four-headed hydra bites you but does no damage. x2
Drink which item? (? for menu, Esc to quit)
It was a potion of flight.
You feel very buoyant.
You fly up into the air.
The four-headed hydra bites you.
* * * LOW HITPOINT WARNING * * *
The four-headed hydra bites you but does no damage. x2
The four-headed hydra bites you.
* * * LOW HITPOINT WARNING * * *
Read which item? (? for menu, Esc to quit)
As you read the scroll of teleportation, it crumbles to dust.
You feel strangely unstable. The four-headed hydra bites you!
You die...

...<.### #.##
.#.....####..######
))..)..............
..#.##.........#####
....###.............
..### ##.....<.#####
..# #.......######
..# #.........)..##
..# #..(.....@..(.##
.##
#.........D....## .#
#.......)..(....# .#
#.....).....(...#
.##
####..........(.#
..#####
#.%...........#
.......
#.......(..##(#
.#####. ##.........#
. .# ...(......


You could see a four-headed hydra.

Vanquished Creatures
  2 ice beasts
  2 sky beasts
  2 necrophages (D:6)
  2 centaurs (D:5)
  2 ogres
  Sigmund (D:2)
  3 gnoll sergeants
  A giant frog (D:8)
  2 scorpions
  2 crimson imps (D:7)
  2 hounds
  2 jellies
  Crazy Yiuf (D:2)
  A giant frog zombie (D:7)
  A centaur skeleton (D:7)
  2 iguanas (D:5)
  A killer bee zombie (D:7)
  7 worker ants
  Robin (D:2)
  20 gnolls
  4 adders
  A shadow imp (D:5)
  A giant mite (D:1)
  2 worms
  2 adder skeletons
  5 giant geckos
  7 orcs
  17 bats
  18 goblins
  16 hobgoblins
  2 jackals (D:1)
  18 kobolds
  A quokka (D:6)
  8 giant cockroaches
  8 giant newts
  12 rats
  A rat zombie (D:5)
180 creatures vanquished.

Vanquished Creatures (others)
  A worker ant (D:4)
1 creature vanquished.

Grand Total: 181 creatures vanquished

Notes
Turn   | Place    | Note
--------------------------------------------------------------
     0 | D:1      | Jb9000, the Gargoyle Fighter, began the quest for the Orb.
     0 | D:1      | Reached XP level 1. HP: 14/14 MP: 1/1
    41 | D:1      | Reached XP level 2. HP: 14/19 MP: 2/2
   387 | D:1      | Reached skill level 1 in Stealth
   388 | D:1      | Reached XP level 3. HP: 23/23 MP: 3/3
   557 | D:1      | Reached skill level 1 in Spellcasting
   807 | D:2      | Found a sacrificial altar of Ru.
   810 | D:2      | Noticed Robin
   829 | D:2      | Reached XP level 4. HP: 8/29 MP: 6/6
   831 | D:2      | Killed Robin
  1121 | D:2      | Noticed Sigmund
  1135 | D:2      | Killed Sigmund
  1135 | D:2      | Reached XP level 5. HP: 14/33 MP: 7/7
  1326 | D:2      | Became a worshipper of Ru the Awakened
  1549 | D:2      | Reached skill level 4 in Fighting
  1840 | D:2      | Noticed Crazy Yiuf
  1847 | D:2      | Killed Crazy Yiuf
  2126 | D:3      | Found a radiant altar of Vehumet.
  2485 | D:3      | Found a white marble altar of Elyvilon.
  2602 | D:3      | Reached XP level 6. HP: 38/38 MP: 8/10
  2646 | D:4      | Found Stuwn's Armour Shop.
  2763 | D:4      | Found a deep blue altar of Sif Muna.
  2824 | D:4      | Found a basalt altar of Yredelemnul.
  2906 | D:4      | Found a shattered altar of Ashenzari.
  2976 | D:4      | Fell from the grace of Ru
  2976 | D:4      | Became a worshipper of Ashenzari the Shackled
  3399 | D:5      | Entered Level 5 of the Dungeon
  3546 | D:5      | Reached XP level 7. HP: 42/44 MP: 12/12
  3763 | D:5      | Found a shimmering altar of Xom.
  3763 | D:5      | Found a stormy altar of Qazlal.
  3764 | D:5      | Found a burning altar of Makhleb.
  4202 | D:5      | Reached skill level 5 in Stealth
  4310 | D:5      | Reached skill level 5 in Fighting
  4310 | D:5      | Reached XP level 8. HP: 31/49 MP: 14/14
  4442 | D:5      | Reached skill level 5 in Shields
  4806 | D:6      | Found a shattered altar of Ashenzari.
  5024 | D:6      | Reached skill level 5 in Armour
  5024 | D:6      | Reached skill level 1 in Evocations
  5191 | D:4      | Bought the +0 leather armour "Saomosk" {Regen+ Str+2 Int+4} for 259 gold pieces
  5365 | D:6      | Reached skill level 1 in Staves
  5365 | D:6      | Reached skill level 6 in Stealth
  5385 | D:6      | Learned a level 2 spell: Stoneskin
  5780 | D:7      | Reached skill level 1 in Earth Magic
  6147 | D:7      | Reached skill level 1 in Slings
  6147 | D:7      | Reached XP level 9. HP: 52/54 MP: 18/18
  6180 | D:7      | Reached skill level 1 in Transmutations
  6201 | D:7      | Found a staircase to the Ecumenical Temple.
  6476 | D:8      | Learned a level 6 spell: Hydra Form
  6553 | D:8      | Found a glowing golden altar of the Shining One.
  6791 | D:8      | Noticed a four-headed hydra
  6802 | D:8      | Gained mutation: Your muscles are strong. (Str +2) [potion of mutation]
  6802 | D:8      | Gained mutation: You expend magic power (3 MP) to slightly strengthen your wands. [potion of mutation]
  6802 | D:8      | Gained mutation: Your mind is acute. (Int +2) [potion of mutation]
  6804 | D:8      | Slain by a four-headed hydra

Action                   |  1- 3 |  4- 6 |  7- 9 || total
-------------------------+-------+-------+-------++-------
Melee: War axe           |   105 |    85 |       ||   190
       Quarterstaff      |       |    99 |   210 ||   309
 Fire: Greatsling        |       |       |    92 ||    92
       Arbalest          |       |       |     5 ||     5
Invok: Reject Sacrifices |       |     1 |       ||     1
Evoke: Wand              |       |       |     4 ||     4
  Use: Scroll            |       |       |    10 ||    10
       Potion            |       |       |     6 ||     6
 Stab: Sleeping          |       |       |     2 ||     2
       Paralysed         |       |       |     7 ||     7
  Eat: Chunk             |       |     5 |     3 ||     8
       Beef jerky        |       |     2 |       ||     2
       Pizza             |       |     1 |       ||     1
       Meat ration       |       |       |     1 ||     1
       Fruit             |       |       |     5 ||     5
